Map: Moonlight Madness LE (Void)

Players

SticklerMac

  • Race: Zerg Zerg
  • League: Silver

monkeyman - Winner!

  • Race: Protoss Protoss
  • League: Silver

VOD

Have the link to the VOD?

Description

Time

  • Played on: Aug. 29, 2015, 1:44 a.m.
  • Length: 12:27
Show
View Real Time Build Order
Export as new Build Order

SticklerMac Zerg 

Build Orders: Pool First 

Get SALT Encoding   

  12  0:01  Drone  
  13  0:08  Drone  
  13  0:13  Extractor  
  13  0:15  Drone  
  14  0:33  Spawning Pool  
  13  0:38  Drone  
  14  0:46  Overlord  
  14  1:08  Drone  
  14  1:09  Drone x2  
  17  1:22  Drone  
  18  1:31  Drone  
  19  1:33  Queen  
  21  2:01  Hatchery  
  21  2:06  Metabolic Boost  
  20  2:13  Overlord  
  20  2:32  Overlord  
  20  2:40  Queen  
  22  2:45  Drone x3  
  22  2:46  Drone, Extractor  
  25  3:04  Drone  
  25  3:05  Drone  
  27  3:12  Roach Warren, Drone  
  27  3:13  Drone  
  28  3:24  Drone  
  29  3:31  Drone x3  
  32  3:35  Drone x2  
  32  3:37  Extractor  
  33  3:46  Lair  
  33  3:47  Drone x2  
  36  3:48  Drone  
  36  3:52  Drone  
  38  3:59  Drone x2  
  40  4:05  Queen  
  42  4:14  Overlord  
  42  4:34  Drone x5  
  47  4:41  Extractor  
  46  4:57  Overlord  
  46  4:58  Overlord x2  
  46  4:59  Overlord  
  46  5:04  Spire  
  45  5:12  Overseer  
  45  5:13  Pneumatized Carapace  
  45  5:22  Queen  
  47  5:35  Spire  
  46  5:55  Hatchery, Spine Crawler  
  46  5:56  Queen  
  44  6:01  Spine Crawler  
  44  6:02  Spine Crawler  
  44  6:03  Spine Crawler x2  
  38  6:04  Spine Crawler  
  23  6:31  Mutalisk x5  
  23  6:32  Mutalisk x2  
  36  7:21  Drone x2  
  38  7:24  Drone  
  39  7:30  Drone  
  39  7:32  Drone  
  41  7:42  Drone  
  41  7:43  Drone  
  41  7:44  Drone  
  44  7:47  Drone  
  44  7:51  Drone  
  46  7:57  Drone x2  
  48  8:00  Drone  
  48  8:02  Drone  
  50  8:05  Drone  
  50  8:12  Drone x2  
  53  8:13  Drone  
  52  8:22  Mutalisk x2  
  56  8:40  Mutalisk x5  
  66  8:46  Mutalisk  
  66  8:51  Mutalisk  
  68  9:03  Drone x5  
  68  9:04  Drone x2  
  75  9:12  Zergling x2  
  75  9:13  Zergling x4  
  75  9:16  Zergling x4  
  80  9:26  Mutalisk  
  82  9:36  Zergling x2  
  82  9:38  Overlord x4  
  80  9:40  Mutalisk  
  80  9:47  Drone, Spine Crawler  
  80  9:48  Drone  
  80  9:49  Drone, Spine Crawler  
  80  9:50  Overlord  
  77  10:03  Mutalisk x2  
  77  10:05  Zergling x4  
  64  10:24  Zergling x2  
  64  10:25  Zergling x12  
  68  10:29  Zergling x6  
  66  10:39  Zergling x2  
  63  10:47  Spine Crawler  
  63  10:48  Spine Crawler  
  63  10:49  Mutalisk x2, Spine Crawler  
  60  10:50  Spine Crawler  
  60  10:51  Spine Crawler, Zergling x4  
  61  10:59  Zergling x2  
  61  11:08  Zergling x2  
  61  11:09  Zergling x2  
  63  11:15  Zergling x2  
  64  11:22  Zergling x2  
  63  11:36  Drone  
  56  11:59  Zergling x6  
Show
View Real Time Build Order
Export as new Build Order

monkeyman Protoss - Winner!

Build Orders: Double Forge 

Get SALT Encoding   

  12  0:01  Probe  
  13  0:13  Probe  
  14  0:24  Pylon  
  14  0:25  Probe  
  16  0:42  Probe  
  16  0:44  Gateway  
  16  0:51  Assimilator  
  16  0:55  Probe  
  17  1:00  Pylon  
  17  1:07  Probe  
  18  1:19  Probe, Pylon  
  18  1:31  Probe  
  19  1:33  Cybernetics Core, Pylon  
  19  1:40  Zealot  
  19  1:43  Probe  
  22  1:55  Probe  
  22  1:56  Warp Gate  
  23  2:07  Probe  
  24  2:10  Nexus  
  24  2:16  Adept  
  26  2:24  Probe  
  27  2:31  Gateway  
  29  2:37  Mothership Core  
  29  2:44  Adept  
  31  2:58  Gateway  
  31  3:07  Pylon  
  31  3:19  Gateway  
  31  3:22  Probe, Adept  
  34  3:31  Probe, Assimilator  
  35  3:34  Probe  
  35  3:38  Pylon  
  36  3:43  Probe  
  36  3:46  Probe  
  36  3:47  Pylon  
  38  4:01  Probe x2  
  40  4:10  Forge  
  40  4:12  Forge  
  40  4:13  Probe x2, Pylon  
  42  4:19  Stalker  
  44  4:24  Assimilator  
  44  4:25  Probe x2  
  46  4:39  Pylon  
  46  4:44  Stalker  
  48  4:47  Adept x3  
  48  4:51  Probe  
  48  4:52  Probe  
  56  4:56  Protoss Ground Weapons Level 1  
  56  4:58  Protoss Ground Armor Level 1  
  56  5:03  Probe  
  56  5:04  Probe  
  58  5:16  Probe x2  
  58  5:19  Robotics Facility  
  60  5:25  Sentry  
  60  5:26  Zealot  
  60  5:27  Zealot  
  60  5:28  Probe x2  
  68  5:40  Probe x2  
  68  5:41  Pylon  
  70  5:45  Gateway  
  70  5:52  Probe  
  70  5:53  Probe  
  72  6:04  Probe  
  72  6:05  Probe  
  72  6:10  Twilight Council  
  74  6:27  Probe x2  
  76  6:39  Probe x2  
  76  6:51  Stalker x4, Probe x2  
  76  6:53  Nexus, Blink  
  86  6:57  Protoss Ground Armor Level 2  
  86  6:58  Protoss Ground Weapons Level 2, Assimilator  
  84  7:03  Probe x2  
  86  7:15  Probe x2  
  84  7:17  Photon Cannon  
  84  7:20  Photon Cannon  
  84  7:22  Photon Cannon  
  80  7:23  Photon Cannon  
  80  7:25  Stalker  
  80  7:26  Photon Cannon  
  80  7:28  Photon Cannon  
  82  7:33  Probe x2, Photon Cannon  
  84  7:39  Pylon  
  84  7:41  Stalker, Assimilator  
  84  7:43  Stalker  
  88  7:45  Probe  
  88  7:46  Assimilator  
  88  7:48  Probe  
  90  7:51  Photon Cannon  
  90  8:09  Probe x3  
  93  8:14  Stalker  
  95  8:21  Probe  
  96  8:30  Pylon  
  96  8:35  Probe x3  
  97  8:47  Probe x3  
  100  8:49  Stalker x4  
  100  8:50  Stalker  
  110  8:59  Probe x3  
  113  9:11  Gateway, Probe x2  
  113  9:12  Gateway  
  113  9:13  Stalker x3  
  113  9:14  Stalker x2  
  113  9:15  Gateway  
  125  9:18  Pylon  
  125  9:23  Pylon  
  117  9:29  Probe x2  
  117  9:30  Probe  
  114  9:41  Probe  
  114  9:42  Stalker, Probe x2  
  114  9:43  Stalker x4  
  125  9:53  Probe  
  125  9:54  Probe  
  121  10:12  Stalker x3  
  121  10:13  Stalker x2  
  129  10:25  Probe x3  
  132  10:37  Stalker x2, Probe  
  132  10:38  Probe, Zealot  
  140  10:46  Nexus  
  140  11:18  Pylon  
  140  11:19  Pylon  
  140  11:29  Pylon  
  140  11:31  Pylon  
  140  11:32  Pylon  
  140  11:38  Zealot  
  140  11:39  Zealot x4  
  150  11:43  Probe x2  
  150  12:02  Stalker  
  150  12:04  Zealot x4  
  154  12:22  Pylon  
Tags
 
Add a new tag
Caveats
  • Supply blocks, unpowered buildings, or Contaminate may cause inaccurate times.
  • Supply counts are checked every 10 seconds.